| TOP OF THE 1ST |
|
Pawtucket Paw Sox batting - Pitching for Elmira Pioneers : RHP Rich Monteleone
|
|
Pitching: RHP Rich Monteleone
|
|
|
Batting: LHB Dave Haberle
|
0-0: Ball 1-0: Ball 2-0: SINGLE (Groundball, 4M, EV 106.3 MPH) (infield hit)
|
|
Batting: LHB Steven Garcia
|
0-0: Ball 1-0: Called Strike 1-1: Ball 2-1: Foul Ball, location: 2F 2-2: Ball 3-2: Fly out, F8 (Flyball, 8LD, EV 98.8 MPH)
|
|
Batting: LHB Jeff Stone
|
0-0: Ball 1-0: Ball 2-0: Ball Dave Haberle is caught stealing 2nd base 2-6 3-0: Called Strike 3-1: Foul Ball, location: 2F 3-2: Fly out, F8 (Flyball, 8RXD, EV 103.1 MPH)
|
| Top of the 1st over - 0 runs, 1 hit, 0 errors, 0 left on base; Pawtucket 0 - Elmira 0 |
| BOTTOM OF THE 1ST |
|
Elmira Pioneers batting - Pitching for Pawtucket Paw Sox : LHP John Hobbs
|
|
Pitching: LHP John Hobbs
|
|
|
Batting: SHB Alan Regier
|
0-0: Ball 1-0: Ball 2-0: Fly out, F9 (Flyball, 9, EV 81.3 MPH)
|
|
Batting: RHB Ron Stinnett
|
0-0: Ball 1-0: Swinging Strike 1-1: Swinging Strike 1-2: Foul Ball, location: 2F 1-2: Strikes out looking
|
|
Batting: SHB Esteban Mendez
|
0-0: Ball 1-0: Foul Ball, location: 2F 1-1: Called Strike 1-2: Foul Ball, location: 2F 1-2: SINGLE (Line Drive, 4M, EV 105.0 MPH)
|
|
Batting: RHB Donn Koch
|
0-0: Ball 1-0: Ball 2-0: Fly out, F9 (Line Drive, 9D, EV 93.1 MPH)
|
| Bottom of the 1st over - 0 runs, 1 hit, 0 errors, 1 left on base; Pawtucket 0 - Elmira 0 |
| TOP OF THE 2ND |
|
Pawtucket Paw Sox batting - Pitching for Elmira Pioneers : RHP Rich Monteleone
|
|
Batting: RHB Dave Malpeso
|
0-0: Ball 1-0: Called Strike 1-1: Ball 2-1: Foul Ball, location: 2F 2-2: Strikes out swinging
|
|
Batting: LHB William Hance
|
0-0: Ball 1-0: Called Strike 1-1: SINGLE (Line Drive, 8RM, EV 91.9 MPH)
|
|
Batting: RHB Brick Smith
|
0-0: Fly out, F3 (Popup, 3SF, EV 78.8 MPH)
|
|
Batting: RHB Robert Duran
|
0-0: Swinging Strike 0-1: Ball 1-1: Swinging Strike 1-2: Ball 2-2: Ball 3-2: Strikes out looking
|
| Top of the 2nd over - 0 runs, 1 hit, 0 errors, 1 left on base; Pawtucket 0 - Elmira 0 |
| BOTTOM OF THE 2ND |
|
Elmira Pioneers batting - Pitching for Pawtucket Paw Sox : LHP John Hobbs
|
|
Batting: RHB Edwin Rodriguez
|
0-0: Swinging Strike 0-1: Ball 1-1: Fly out, F8 (Flyball, 8RD, EV 100.6 MPH)
|
|
Batting: SHB Michael Reeder
|
0-0: Called Strike 0-1: Swinging Strike 0-2: Ball 1-2: Ball 2-2: Strikes out swinging, 2-3 out at first.
|
|
Batting: LHB Juan Flores
|
0-0: Called Strike 0-1: Ball 1-1: Ground out U3 (Groundball, 3, EV 105.0 MPH)
|
| Bottom of the 2nd over - 0 runs, 0 hits, 0 errors, 0 left on base; Pawtucket 0 - Elmira 0 |
| TOP OF THE 3RD |
|
Pawtucket Paw Sox batting - Pitching for Elmira Pioneers : RHP Rich Monteleone
|
|
Batting: RHB Shooty Babitt
|
0-0: Ball 1-0: Foul Ball, location: 2F 1-1: Ball 2-1: Ground out 4-3 (Groundball, 34, EV 102.5 MPH)
|
|
Batting: RHB Lenny Faedo
|
0-0: Called Strike 0-1: Ground out 6-3 (Groundball, 6, EV 96.9 MPH)
|
|
Batting: LHB Dave Haberle
|
0-0: Foul Ball, location: 2F 0-1: Ball 1-1: Foul Ball, location: 2F 1-2: Ground out 4-3 (Groundball, 4, EV 87.5 MPH)
|
| Top of the 3rd over - 0 runs, 0 hits, 0 errors, 0 left on base; Pawtucket 0 - Elmira 0 |
| BOTTOM OF THE 3RD |
|
Elmira Pioneers batting - Pitching for Pawtucket Paw Sox : LHP John Hobbs
|
|
Batting: RHB Curtis Cannedy
|
0-0: Ball 1-0: Fly out, F9 (Flyball, 89XD, EV 100.0 MPH)
|
|
Batting: LHB German Barranca
|
0-0: Ball 1-0: Ball 2-0: Called Strike 2-1: Ball 3-1: Base on Balls
|
|
Batting: SHB Alan Regier
|
0-0: Ball 1-0: Ball 2-0: Foul Ball, location: 2F 2-1: Foul Ball, location: 2F 2-2: Foul Ball, location: 2F 2-2: Foul Ball, location: 2F 2-2: Fly out, F7 (Flyball, 7, EV 85.0 MPH)
|
|
Batting: RHB Ron Stinnett
|
0-0: Called Strike 0-1: Called Strike 0-2: Strikes out swinging
|
| Bottom of the 3rd over - 0 runs, 0 hits, 0 errors, 1 left on base; Pawtucket 0 - Elmira 0 |
| TOP OF THE 4TH |
|
Pawtucket Paw Sox batting - Pitching for Elmira Pioneers : RHP Rich Monteleone
|
|
Batting: LHB Steven Garcia
|
0-0: SINGLE (Line Drive, 7S, EV 100.0 MPH)
|
|
Batting: LHB Jeff Stone
|
0-0: SINGLE (Flyball, 56D, EV 91.3 MPH) Steven Garcia to second
|
|
Batting: RHB Dave Malpeso
|
0-0: Called Strike Steven Garcia is caught stealing 3rd base 2-5 Jeff Stone to second 0-1: Ball 1-1: Ball 2-1: Foul Ball, location: 2F 2-2: Ground out U3 (Groundball, 34S, EV 63.1 MPH) Jeff Stone to third
|
|
Batting: LHB William Hance
|
0-0: Ball 1-0: Called Strike 1-1: Ball Passed Ball! Jeff Stone scores 2-1: Foul Ball, location: 2F 2-2: Fly out, F8 (Line Drive, 8LM, EV 95.0 MPH)
|
| Top of the 4th over - 1 run, 2 hits, 0 errors, 0 left on base; Pawtucket 1 - Elmira 0 |
| BOTTOM OF THE 4TH |
|
Elmira Pioneers batting - Pitching for Pawtucket Paw Sox : LHP John Hobbs
|
|
Batting: SHB Esteban Mendez
|
0-0: Ground out 6-3 (Groundball, 6, EV 83.1 MPH)
|
|
Batting: RHB Donn Koch
|
0-0: Called Strike 0-1: Ball 1-1: Foul Ball, location: 2F 1-2: Fly out, F6 (Line Drive, 6, EV 70.0 MPH)
|
|
Batting: RHB Edwin Rodriguez
|
0-0: Ball 1-0: Ball 2-0: Foul Ball, location: 2F 2-1: Called Strike 2-2: Ball 3-2: Fly out, F4 (Popup, 34, EV 61.9 MPH)
|
| Bottom of the 4th over - 0 runs, 0 hits, 0 errors, 0 left on base; Pawtucket 1 - Elmira 0 |
| TOP OF THE 5TH |
|
Pawtucket Paw Sox batting - Pitching for Elmira Pioneers : RHP Rich Monteleone
|
|
Batting: RHB Brick Smith
|
0-0: Ball 1-0: Called Strike 1-1: SOLO HOME RUN (Flyball, 7LD, EV 101.3 MPH), Distance : 354 ft
|
|
Batting: RHB Robert Duran
|
0-0: Ball 1-0: Ball 2-0: Ball 3-0: Called Strike 3-1: Called Strike 3-2: Strikes out swinging, 2-3 out at first.
|
|
Batting: RHB Shooty Babitt
|
0-0: Ball 1-0: Called Strike 1-1: Ball 2-1: Ground out U3 (Groundball, 3, EV 82.5 MPH)
|
|
Batting: RHB Lenny Faedo
|
0-0: Ball 1-0: Foul Ball, location: 2F 1-1: Ground out 5-3 (Groundball, 56S, EV 91.9 MPH)
|
| Top of the 5th over - 1 run, 1 hit, 0 errors, 0 left on base; Pawtucket 2 - Elmira 0 |
| BOTTOM OF THE 5TH |
|
Elmira Pioneers batting - Pitching for Pawtucket Paw Sox : LHP John Hobbs
|
|
Batting: SHB Michael Reeder
|
0-0: Ball 1-0: Fly out, F8 (Flyball, 8RS, EV 86.9 MPH)
|
|
Batting: LHB Juan Flores
|
0-0: Ball 1-0: Called Strike 1-1: Foul Ball, location: 2F 1-2: Foul Ball, location: 2F 1-2: Ground out 4-3 (Groundball, 4S, EV 70.6 MPH)
|
|
Batting: RHB Curtis Cannedy
|
0-0: Ball 1-0: Ground out 6-3 (Groundball, 6, EV 86.9 MPH)
|
| Bottom of the 5th over - 0 runs, 0 hits, 0 errors, 0 left on base; Pawtucket 2 - Elmira 0 |
| TOP OF THE 6TH |
|
Pawtucket Paw Sox batting - Pitching for Elmira Pioneers : RHP Rich Monteleone
|
|
Batting: LHB Dave Haberle
|
0-0: SINGLE (Groundball, 6D, EV 99.4 MPH)
|
|
Batting: LHB Steven Garcia
|
0-0: Ball 1-0: Ball 2-0: Ball 3-0: Base on Balls Dave Haberle to second
|
|
Batting: LHB Jeff Stone
|
0-0: Called Strike 0-1: Called Strike Dave Haberle is caught stealing 3rd base 2-5 0-2: Foul Ball, location: 2F 0-2: Foul Ball, location: 2F 0-2: Ball 1-2: Ball 2-2: 2-RUN HOME RUN (Flyball, 9D, EV 99.4 MPH), Distance : 366 ft
|
|
Batting: RHB Dave Malpeso
|
0-0: Ball 1-0: Ball 2-0: Called Strike 2-1: Foul Ball, location: 2F 2-2: DOUBLE (Flyball, 89XD, EV 98.8 MPH)
|
|
Batting: LHB William Hance
|
0-0: Ball 1-0: Foul Ball, location: 2F 1-1: Ball 2-1: Ball 3-1: Base on Balls
|
|
Batting: RHB Brick Smith
|
0-0: Ball 1-0: Ball 2-0: Foul Ball, location: 2F 2-1: Foul Ball, location: 2F 2-2: Strikes out swinging
|
|
Batting: RHB Robert Duran
|
0-0: Ball 1-0: Foul Ball, location: 2F 1-1: Ball 2-1: Swinging Strike 2-2: Ground out 4-3 (Groundball, 4, EV 78.1 MPH)
|
| Top of the 6th over - 2 runs, 3 hits, 0 errors, 2 left on base; Pawtucket 4 - Elmira 0 |
| BOTTOM OF THE 6TH |
|
Elmira Pioneers batting - Pitching for Pawtucket Paw Sox : LHP John Hobbs
|
|
Batting: LHB German Barranca
|
0-0: Ground out 5-3 (Groundball, 5, EV 84.4 MPH)
|
|
Batting: SHB Alan Regier
|
0-0: Ball 1-0: Foul Ball, location: 2F 1-1: Fly out, F7 (Flyball, 7D, EV 101.9 MPH)
|
|
Batting: RHB Ron Stinnett
|
0-0: Ball 1-0: Ball 2-0: Fly out, F7 (Line Drive, 7, EV 102.5 MPH)
|
| Bottom of the 6th over - 0 runs, 0 hits, 0 errors, 0 left on base; Pawtucket 4 - Elmira 0 |
| TOP OF THE 7TH |
|
Pawtucket Paw Sox batting - Pitching for Elmira Pioneers : RHP Rich Monteleone
|
|
Batting: RHB Shooty Babitt
|
0-0: SINGLE (Groundball, 56D, EV 96.3 MPH)
|
|
Batting: RHB Lenny Faedo
|
0-0: Ball 1-0: Called Strike Shooty Babitt steals 2nd base 1-1: Bunted foul 1-2: Ball 2-2: Ground out 6-3 (Groundball, 6, EV 102.5 MPH)
|
|
Batting: LHB Dave Haberle
|
0-0: Swinging Strike 0-1: Foul Ball, location: 2F 0-2: Strikes out swinging
|
|
Batting: LHB Steven Garcia
|
0-0: Called Strike 0-1: Ball 1-1: Ball 2-1: Fly out, F9 (Flyball, 9LD, EV 106.3 MPH)
|
| Top of the 7th over - 0 runs, 1 hit, 0 errors, 1 left on base; Pawtucket 4 - Elmira 0 |
| BOTTOM OF THE 7TH |
|
Elmira Pioneers batting - Pitching for Pawtucket Paw Sox : LHP John Hobbs
|
|
Batting: SHB Esteban Mendez
|
0-0: Ball 1-0: Ball 2-0: Reached on error, E5 (Groundball, 56S, EV 92.5 MPH)
|
|
Batting: RHB Donn Koch
|
0-0: Foul Ball, location: 2F 0-1: Called Strike 0-2: Ball 1-2: Ball 2-2: Ground out 4-3 (Groundball, 4, EV 110.6 MPH) Esteban Mendez to third
|
|
Batting: RHB Edwin Rodriguez
|
0-0: Ball 1-0: SINGLE (Groundball, 34D, EV 95.0 MPH) Esteban Mendez scores
|
|
Batting: SHB Michael Reeder
|
0-0: Called Strike 0-1: Called Strike 0-2: Ball 1-2: Strikes out looking
|
|
Batting: LHB Juan Flores
|
0-0: Called Strike 0-1: Ball 1-1: Ball 2-1: Foul Ball, location: 2F 2-2: Foul Ball, location: 2F 2-2: SINGLE (Groundball, 5D, EV 106.9 MPH) Edwin Rodriguez to second
|
|
Batting: RHB Curtis Cannedy
|
0-0: Foul Ball, location: 2F 0-1: Ball 1-1: Fly out, F3 (Popup, 3, EV 75.6 MPH)
|
| Bottom of the 7th over - 1 run, 2 hits, 1 error, 2 left on base; Pawtucket 4 - Elmira 1 |
| TOP OF THE 8TH |
|
Pawtucket Paw Sox batting - Pitching for Elmira Pioneers : RHP Rich Monteleone
|
|
Batting: LHB Jeff Stone
|
0-0: Foul Ball, location: 2F 0-1: Ball 1-1: Ball 2-1: SINGLE (Line Drive, 7S, EV 101.3 MPH)
|
|
Batting: RHB Dave Malpeso
|
0-0: Called Strike Jeff Stone steals 2nd base 0-1: Foul Ball, location: 2F 0-2: Foul Ball, location: 2F 0-2: Strikes out looking
|
|
Pitching: RHP Damian Aponte
|
|
|
Batting: LHB William Hance
|
0-0: Ball 1-0: Called Strike Jeff Stone is caught stealing 3rd base 2-5 1-1: Ball 2-1: Ball 3-1: Ground out 4-3 (Groundball, 4M, EV 96.9 MPH)
|
| Top of the 8th over - 0 runs, 1 hit, 0 errors, 0 left on base; Pawtucket 4 - Elmira 1 |
| BOTTOM OF THE 8TH |
|
Elmira Pioneers batting - Pitching for Pawtucket Paw Sox : LHP John Hobbs
|
|
Batting: LHB German Barranca
|
0-0: SINGLE (Flyball, 8LS, EV 94.4 MPH)
|
|
Batting: SHB Alan Regier
|
0-0: Foul Ball, location: 2F 0-1: Foul Ball, location: 2F 0-2: Ball 1-2: Ball 2-2: Foul Ball, location: 2F 2-2: Fly out, F8 (Flyball, 8LD, EV 99.4 MPH)
|
|
Batting: RHB Ron Stinnett
|
0-0: Foul Ball, location: 2F 0-1: Foul Ball, location: 2F 0-2: Foul Ball, location: 2F 0-2: Strikes out swinging
|
|
Batting: SHB Esteban Mendez
|
0-0: Called Strike 0-1: Swinging Strike 0-2: Strikes out looking
|
| Bottom of the 8th over - 0 runs, 1 hit, 0 errors, 1 left on base; Pawtucket 4 - Elmira 1 |
| TOP OF THE 9TH |
|
Pawtucket Paw Sox batting - Pitching for Elmira Pioneers : RHP Damian Aponte
|
|
Batting: RHB Brick Smith
|
0-0: Fly out, F7 (Line Drive, 7, EV 103.1 MPH)
|
|
Batting: RHB Robert Duran
|
0-0: Ball 1-0: Ground out 6-3 (Groundball, 6, EV 76.3 MPH)
|
|
Batting: RHB Shooty Babitt
|
0-0: Called Strike 0-1: Ball 1-1: Ball 2-1: Called Strike 2-2: Foul Ball, location: 2F 2-2: Ball 3-2: Base on Balls
|
|
Batting: RHB Lenny Faedo
|
0-0: Ball 1-0: Called Strike 1-1: Ball 2-1: Foul Ball, location: 2F 2-2: Foul Ball, location: 2F 2-2: Fly out, F7 (Flyball, 78S, EV 88.8 MPH)
|
| Top of the 9th over - 0 runs, 0 hits, 0 errors, 1 left on base; Pawtucket 4 - Elmira 1 |
| BOTTOM OF THE 9TH |
|
Elmira Pioneers batting - Pitching for Pawtucket Paw Sox : LHP John Hobbs
|
|
Pitching: RHP Terry McAnnally
|
|
|
Batting: RHB Donn Koch
|
0-0: Ball 1-0: Foul Ball, location: 2F 1-1: Ball 2-1: Ball 3-1: Called Strike 3-2: Foul Ball, location: 2F 3-2: Foul Ball, location: 2F 3-2: Strikes out swinging
|
|
Batting: RHB Edwin Rodriguez
|
0-0: Ball 1-0: Ground out 4-3 (Groundball, 4M, EV 101.9 MPH)
|
|
Batting: SHB Michael Reeder
|
0-0: Ball 1-0: SINGLE (Flyball, 4MD, EV 95.0 MPH)
|
|
Batting: LHB Juan Flores
|
0-0: Called Strike 0-1: Ball 1-1: Ball 2-1: Ball 3-1: Fly out, F8 (Flyball, 8LXD, EV 97.5 MPH)
|
| Bottom of the 9th over - 0 runs, 1 hit, 0 errors, 1 left on base; Pawtucket 4 - Elmira 1 |
|